 Dungeon Crawl Stone Soup version 0.27.0-1-g7a089689b8 (webtiles) character file.

Game seed: 5720257729941105725

146662 ZARRMARR the Bludgeoner (level 18, -4/143 HPs)
             Began as a Human Berserker on Aug 10, 2021.
             Was an Elder of Trog.
             Slain by an ettin (30 damage)
             ... on level 15 of the Dungeon on Aug 11, 2021.
             The game lasted 05:08:33 (35426 turns).

ZARRMARR the Bludgeoner (Human Berserker)          Turns: 35426, Time: 05:08:34

Health: -4/143     AC: 13    Str: 32      XL:     18   Next: 7%
Magic:  14/14      EV: 17    Int: 10      God:    Trog [****..]
Gold:   3398       SH:  0    Dex: 15 (16) Spells: 17/17 levels left

rFire    + . .     SeeInvis .   e - +5 great mace (elec)
rCold    + . .     Faith    .   (shield currently unavailable)
rNeg     + + .     Spirit   .   b - +4 troll leather armour {Purgy}
rPois    .         Reflect  .   s - +0 helmet
rElec    .         Harm     .   l - +0 cloak
rCorr    .         Rampage  .   O - +0 pair of gloves
Will     +....     Rnd*Rage +   x - +1 pair of boots Stlth +++.......Rnd*Tele +
                                (no amulet)
HPRegen  1.33/turn              j - ring "Gyav" {rN++ Str+6 Dex+3}
MPRegen  0.14/turn              d - ring "Keonium" {rF+ rC+ Str+3}

@: on berserk cooldown, slowed, very slow
A: berserk 1, deformed body, deterioration 1, low mp 2, teleportitis 1
a: Renounce Religion, Berserk, Trog's Hand, Brothers in Arms


You were on level 15 of the Dungeon.
You worshipped Trog.
Trog was greatly pleased with you.
You visited 5 branches of the dungeon, and saw 25 of its levels.
You visited the Abyss 1 time.
You also visited: Ossuary and Ice Cave.

You collected 3398 gold pieces.

Inventory:

Hand Weapons
 e - a +5 great mace of electrocution (weapon)
 o - the +5 scythe "Finisher" {speed, eviscerate}
   (Trog gifted it to you on level 4 of the Lair of Beasts)

   Attacks with this weapon are significantly faster.
   It may eviscerate those it strikes, slaying them instantly, with a decreasing
   chance against stronger foes.
 F - a +1 antimagic eveningstar
 J - the +7 morningstar of Distant Shores {flame, rN+ Stlth+}
   (Trog gifted it to you on level 14 of the Dungeon)

   It burns those it strikes, dealing additional fire damage.
   rN:        It protects you from negative energy.
   Stlth:     It makes you more stealthy.
 V - the +11 halberd "Kexiepn" {vorpal, rCorr}
   (You found it on level 13 of the Dungeon)

   It inflicts extra damage upon your enemies.
   rCorr:     It protects you from acid and corrosion.
 X - the +8 hunting sling of the Curious Allies {freeze, Contam +Blink rCorr Int-4}
   (You found it on level 13 of the Dungeon)

   Any ammunition fired from it freezes those it strikes, dealing additional
   cold damage.
   It can also slow down cold-blooded creatures.
   Int:       It affects your intelligence (-4).
   +Blink:    It lets you blink.
   Contam:    It causes magical contamination when unequipped.
   rCorr:     It protects you from acid and corrosion.
 Z - the +10 lajatang "Sygux" {vorpal, rPois Will+ Int-4}
   (Trog gifted it to you on level 2 of the Orcish Mines)

   It inflicts extra damage upon your enemies.
   Int:       It affects your intelligence (-4).
   rPois:     It protects you from poison.
   Will:      It increases your willpower.
Missiles
 B - 74 sling bullets
 L - 2 atropa-tipped darts (quivered)
 R - 19 poisoned darts
Armour
 a - the +1 cloak "Pops" {rPois Will- Regen+}
   (You found it on level 7 of the Dungeon)

   rPois:     It protects you from poison.
   Regen:     It increases your rate of health regeneration.
   Will:      It decreases your willpower.
 b - a +4 troll leather armour (worn) {Purgy}
 l - a +0 cloak (worn)
 s - a +0 helmet (worn)
 x - a +1 pair of boots (worn)
 E - +1 acid dragon scales
 H - the +1 leather armour of Adegeirche {rElec rF+ rN+}
   (You found it on level 8 of the Dungeon)

   rF:        It protects you from fire.
   rElec:     It insulates you from electricity.
   rN:        It protects you from negative energy.
 O - a +0 pair of gloves (worn)
 U - the +8 chain mail "Qaiso" {rF++ rC+ Str-5 SInv}
   (You found it on level 2 of the Abyss)

   Str:       It affects your strength (-5).
   rF:        It greatly protects you from fire.
   rC:        It protects you from cold.
   SInv:      It lets you see invisible.
Jewellery
 d - the ring "Keonium" (right hand) {rF+ rC+ Str+3}
   (You acquired it on level 1 of the Lair of Beasts)

   [ring of protection from cold]

   Str:       It affects your strength (+3).
   rF:        It protects you from fire.
   rC:        It protects you from cold.
 j - the ring "Gyav" (left hand) {rN++ Str+6 Dex+3}
   (You found it on level 1 of the Lair of Beasts)

   [ring of strength]

   Str:       It affects your strength (+6).
   Dex:       It affects your dexterity (+3).
   rN:        It greatly protects you from negative energy.
 G - the ring "Irchionu" {Fly rN+}
   (You found it on level 13 of the Dungeon)

   [ring of flight]

   rN:        It protects you from negative energy.
   Fly:       It grants you flight.
Wands
 h - a wand of charming (19)
 r - a wand of iceblast (30)
 t - a wand of digging (14)
 C - a wand of flame (20)
 Q - a wand of paralysis (26)
 Y - a wand of polymorph (5)
Scrolls
 m - 5 scrolls of fog
 y - 11 scrolls of magic mapping
 D - 2 scrolls of fear
 I - 2 scrolls of silence
 W - 5 scrolls of teleportation
Potions
 c - 4 potions of might {unknown}
 f - 4 potions of degeneration {unknown}
 i - a potion of brilliance {unknown}
 k - 5 potions of lignification
 n - 15 potions of curing
 p - 6 potions of haste
 u - a potion of berserk rage {unknown}
 w - 4 potions of invisibility
 z - 2 potions of mutation {unknown}
 A - 4 potions of cancellation {unknown}
 M - 2 potions of resistance
 N - a potion of magic {unknown}
Miscellaneous
 g - a phantom mirror
 v - a phial of floods
 K - a lightning rod (4/4)
 S - a condenser vane
 T - a tin of tremorstones (2/2)


   Skills:
 + Level 13.3 Fighting
 + Level 17.8(18.5) Maces & Flails
 - Level 9.5(14.7) Staves
 + Level 3.2(11.1) Slings
 - Level 15.8(16.0) Throwing
 + Level 7.4 Armour
 + Level 9.9 Dodging
 + Level 6.3 Stealth
 + Level 1.6 Evocations


You had 17 spell levels left.
You didn't know any spells.
Your spell library contained the following spells:

 Spells                   Type           Power      Damage    Failure   Level
 Beastly Appendage        Tmut           0%         N/A       38%         1
 Freeze                   Ice            0%         1d3       38%         1
 Magic Dart               Conj           0%         1d3       38%         1
 Sting                    Tmut/Pois      0%         1d3       38%         1
 Blink                    Tloc           N/A        N/A       52%         2
 Call Imp                 Summ           0%         N/A       52%         2
 Corpse Rot               Necr/Air       N/A        N/A       52%         2
 Ensorcelled Hibernation  Hex/Ice        0%         N/A       52%         2
 Poisonous Vapours        Pois/Air       0%         N/A       52%         2
 Static Discharge         Conj/Air       0%         N/A       52%         2
 Wereblood                Tmut           0%         N/A       52%         2
 Frozen Ramparts          Ice            0%         1d2       77%         3
 Gell's Gravitas          Tloc           0%         N/A       77%         3
 Mephitic Cloud           Conj/Pois/Air  0%         N/A       77%         3
 Spider Form              Tmut/Pois      0%         N/A       77%         3
 Teleport Other           Tloc           0%         N/A       77%         3
 Animate Dead             Necr           0%         N/A       99%         4
 Hailstorm                Conj/Ice       0%         3d3       99%         4
 Olgreb's Toxic Radiance  Pois           0%         N/A       99%         4
 Summon Ice Beast         Ice/Summ       0%         N/A       99%         4
 Alistair's Intoxication  Tmut/Pois      0%         N/A       100%        5
 Freezing Cloud           Conj/Ice/Air   0%         6-21      100%        5
 Iskenderun's Battlesphe  Conj           0%         2d6       100%        5
 Lightning Bolt           Conj/Air       0%         1d11      100%        5
 Manifold Assault         Tloc           0%         N/A       100%        5
 Metabolic Englaciation   Hex/Ice        0%         N/A       100%        5
 Summon Forest            Summ/Tloc      0%         N/A       100%        5
 Summon Mana Viper        Hex/Summ       0%         N/A       100%        5
 Dispersal                Tloc           0%         N/A       100%        6
 Eringya's Noxious Bog    Tmut/Pois      0%         N/A       100%        6
 Iron Shot                Conj/Erth      0%         9d1       100%        6
 Shadow Creatures         Summ           N/A        N/A       100%        6
 Simulacrum               Ice/Necr       0%         N/A       100%        6
 Haunt                    Necr/Summ      0%         N/A       100%        7
 Spellforged Servitor     Conj/Summ      0%         N/A       100%        7
 Storm Form               Tmut/Air       0%         N/A       100%        7
 Infestation              Necr           0%         N/A       100%        8
 Maxwell's Capacitive Co  Air            0%         ∞         100%        8
 Polar Vortex             Ice            0%         N/A       100%        9


Dungeon Overview and Level Annotations

Branches:
Dungeon (15/15)            Temple (0/1) D:6            Lair (6/6) D:11
  Swamp (0/4) Lair:3       Spider (0/4) Lair:4        Slime (0/5) Lair:6
    Orc (2/2) D:9             Elf (1/3) Orc:2        Vaults (0/5) D:14
 Depths (1/5) D:15        Ossuary (visited)           IceCv (visited)

Altars:
Kikubaaqudgha
Sif Muna
The Shining One
Beogh
Jiyva

Shops:
D:6 :   D:7 *   Orc:2 *[(:[

Annotations:
Lair:5 2 transporters, Luam's ghost, journeyman OpFi
Elf:1 Nikola


Innate Abilities, Weirdness & Mutations

You tend to lose your temper in combat.
Armour fits poorly on your strangely shaped body.
Your body sometimes deteriorates upon taking damage.
Your magical capacity is very low. (-20% MP)
You are occasionally teleported next to monsters.


Message History

You hear a horrible gurgling sound!
You hear a shout!
You hear a horrible gurgling sound!
You climb upwards.
Welcome back to the Dungeon!
You recover from your berserk rage.
There is a staircase to the Depths, spattered with blood here.
A red film seems to cover your vision as you go berserk!
You feel yourself moving faster!
You feel mighty! The ettin closely misses you.
The ettin hits you with a +0 dire flail!!!
* * * LOW HITPOINT WARNING * * *
You feel a strong urge to attack something.
There is an open door, spattered with blood here.
Things that are here:
a +0 robe; a +0 dagger You feel your anger nearly subside.
You are no longer berserk.
You are exhausted.
You feel yourself slow down.
Your black bear goes berserk!
Trog will no longer gift you weapons. The ettin misses you. x2
You swap places.
Your black bear bites the ettin.
Your black bear claws the ettin but does no damage.
Your black bear claws the ettin!
The ettin hits your black bear with a +0 dire flail!! x2
Your black bear dies!
Your black bear's corpse disappears in a puff of smoke!
The ettin barely misses you. The ettin completely misses you.
The ettin hits you with a +0 dire flail!!
* * * LOW HITPOINT WARNING * * *
The ettin completely misses you.
There is an open door, spattered with blood here.
Items here: ))) [[.
The ettin hits you with a +0 dire flail.
* * * LOW HITPOINT WARNING * * *
The ettin closely misses you.
You fail to use your ability.
The ettin closely misses you. x2
The ettin hits you with a +0 dire flail!
* * * LOW HITPOINT WARNING * * *
The ettin hits you with a +0 dire flail!!
You die...

..#....#######..#.........#
..#...##.....##.#.........#
..#..##.......###.........#
..'..#..#####..####'#######
..#..#..#...#..##.........#
.[####..[.>.#..'.#.......########
.....#..#[..#..#)#.......#.......
...).#..#####..#C#.......#.......
.[.[.##=......##@'.......#.......
.....[##.....##..#.......#.......
.......#######..[#########.......
.................................
..#'#######......................
..#.......#######................
..#.............#................
..#.............#................
..#..............................


You could see an ettin.

Vanquished Creatures
  Frances (D:14)
  A sphinx (D:13)
  Gastronok (Lair:1)
  A tentacled starspawn (Abyss:2)
  Louise (D:13)
  A stone giant (Depths:1)
  An ophan (Abyss:2)
  Nessos (D:14)
  Snorg (D:10)
  Josephine (D:15)
  A rakshasa (Abyss:2)
  Fannar (D:10)
  5 vault guards (D:14)
  Harold (D:7)
  5 boulder beetles
  An ogre mage (D:14)
  A catoblepas (D:13)
  7 hydras
  Erolcha (D:12)
  7 centaur warriors
  2 two-headed ogres
  A death knight (D:14)
  2 dancing weapons (Elf:1)
  A deep troll earth mage (D:13)
  7 orc high priests (Orc:2)
  A spriggan berserker (D:15)
  6 hell knights (D:10)
  3 deep elf knights (Elf:1)
  Urug (D:12)
  A thrashing horror (Abyss:2)
  5 skeletal warriors
  A fire crab (Lair:6)
  3 spatial maelstroms (Abyss:2)
  A flayed ghost (Abyss:2)
  2 wizards
  2 deep elf archers (Elf:1)
  4 necromancers
  2 orc knights
  10 deep elf pyromancers
  2 deep elf zephyrmancers
  6 orc sorcerers
  15 ugly things
  The ghost of Smaepdii the Frost Mage, a novice DEIE of Vehumet (D:7)
  A faun (shapeshifter) (Elf:1)
  6 manticores
  3 oklob plants
  6 cyclopes
  A moth of wrath (D:7)
  A worldbinder (Abyss:2)
  2 apocalypse crabs (Abyss:2)
  9 black mambas
  3 gargoyles
  7 elephants
  A smoke demon (Abyss:2)
  An ice statue (IceCv)
  A torpor snail (Lair:2)
  3 molten gargoyles
  13 cane toads
  4 rime drakes
  A kobold demonologist (D:14)
  11 komodo dragons
  An unseen horror (D:8)
  5 freezing wraiths
  An entropy weaver simulacrum (IceCv)
  An anaconda simulacrum (IceCv)
  A yaktaur (D:14)
  An ice devil (Lair:2)
  An ancient zyme (Abyss:2)
  A jumping spider (shapeshifter) (D:13)
  5 trolls
  3 polar bears
  3 dream sheep (Lair:2)
  4 raiju (Abyss:2)
  28 blink frogs
  4 slime creatures
  3 small abominations (Abyss:2)
  2 shadows
  11 wraiths
  9 wyverns
  A spriggan (shapeshifter) (D:13)
  3 water elementals (D:15)
  5 basilisks
  A dire elephant simulacrum (IceCv)
  42 yaks
  A human (D:14)
  A hog (shapeshifter) (D:14)
  2 steam dragons
  3 vampire mosquitoes (D:11)
  A death yak simulacrum (IceCv)
  Menkaure (D:5)
  5 spatial vortices (Abyss:2)
  8 wargs (Orc:2)
  Edmund (D:5)
  A harpy simulacrum (IceCv)
  2 acid dragons
  20 water moccasins
  12 hell hounds
  3 large abominations (Abyss:2)
  3 ice beasts
  Purgy (D:3)
  9 orc warriors
  2 hornet zombies
  6 black bears
  A sky beast (D:6)
  3 necrophages
  10 ogres
  17 wolves
  15 centaurs
  A kobold brigand (D:10)
  Blork the orc (D:5)
  A phantom (D:5)
  19 bullfrogs
  An earth elemental (Elf:1)
  5 gnoll sergeants
  5 two-headed ogre simulacra (IceCv)
  3 scorpions
  2 cane toad simulacra (IceCv)
  6 water moccasin zombies
  A water moccasin skeleton (D:6)
  8 killer bees
  19 wights
  2 elephant simulacra (IceCv)
  3 howler monkeys
  An electric eel (Lair:6)
  3 jellies
  4 hounds
  6 centaur zombies
  5 lava snakes (Lair:6)
  2 quasits (Abyss:2)
  2 bullfrog skeletons (D:6)
  6 bullfrog zombies
  4 centaur skeletons
  A gnoll shaman (D:6)
  31 orc priests
  5 iguanas
  17 orc wizards
  5 troll simulacra (IceCv)
  Terence (D:3)
  2 spriggan simulacra (IceCv)
  3 polar bear simulacra
  9 wolf simulacra
  A hound zombie (D:5)
  2 mummies (Ossuary)
  3 howler monkey zombies
  Robin (D:2)
  A howler monkey skeleton (D:4)
  11 adders
  21 gnolls
  8 naga simulacra (IceCv)
  A shadow imp (D:5)
  6 white imps
  7 ufetubi
  5 adder zombies (Ossuary)
  2 worms
  5 dart slugs
  88 orcs
  5 endoplasms
  2 giant cockroaches
  10 goblins
  9 hobgoblins
  6 jackals
  2 quokkas (D:5)
  5 ball pythons
  4 bats
  3 frilled lizards (D:2)
  3 gnoll zombies (Ossuary)
  3 hobgoblin zombies (Ossuary)
  4 kobolds
  6 kobold zombies (Ossuary)
  3 orc zombies (Ossuary)
  2 rats (D:2)
  2 river rat simulacra (Lair:4)
872 creatures vanquished.

Vanquished Creatures (collateral kills)
  A bone dragon (Abyss:2)
  Jorgrun (D:15)
  A reaper (IceCv)
  A deep elf annihilator (Elf:1)
  A two-headed ogre (Orc:1)
  A centaur warrior (D:12)
  A death knight (D:15)
  A deep elf knight (Elf:1)
  A wretched star (Abyss:2)
  A deep elf archer (Elf:1)
  A deep elf zephyrmancer (Elf:1)
  An orc sorcerer (Orc:1)
  4 deep elf pyromancers
  4 ugly things (D:15)
  A cane toad (Lair:2)
  A tengu conjurer (D:8)
  An ice devil (Lair:2)
  A troll (Orc:1)
  A dire elephant simulacrum (IceCv)
  2 air elementals (Elf:1)
  2 wraiths
  2 small abominations (Abyss:2)
  An orc warrior (Orc:1)
  An ogre (Orc:1)
  A cane toad simulacrum (IceCv)
  A quasit (Abyss:2)
  An orc priest (Orc:1)
  4 orc wizards (Orc:1)
  An orc (Orc:1)
41 creatures vanquished.

Vanquished Creatures (others)
  A wizard (D:15)
  84 fungi
  61 plants
  2 starspawn tentacles (Abyss:2)
  A withered plant (D:3)
149 creatures vanquished.

Grand Total: 1062 creatures vanquished

Notes
Turn   | Place    | Note
-------+----------+-------------------------------------------
     0 | D:1      | ZARRMARR the Human Berserker began the quest for the Orb.
     0 | D:1      | Reached XP level 1. HP: 18/18 MP: 1/1
   277 | D:1      | Found a faded altar of an unknown god.
   818 | D:2      | Reached XP level 2. HP: 20/24 MP: 2/2
  1096 | D:2      | Reached XP level 3. HP: 29/29 MP: 3/3
  1391 | D:2      | Found a glowing golden altar of the Shining One.
  1691 | D:2      | Reached XP level 4. HP: 35/35 MP: 4/4
  1962 | D:2      | Noticed Robin
  1976 | D:2      | Killed Robin
  1979 | D:2      | Reached skill level 4 in Maces & Flails
  1982 | D:2      | Reached ** piety under Trog
  2374 | D:3      | Noticed Purgy
  2384 | D:3      | Killed Purgy
  2385 | D:3      | Reached skill level 1 in Throwing
  2385 | D:3      | Reached skill level 1 in Stealth
  2385 | D:3      | Reached XP level 5. HP: 42/42 MP: 5/5
  2518 | D:3      | Found an ancient bone altar of Kikubaaqudgha.
  2569 | D:3      | Reached XP level 6. HP: 48/48 MP: 6/6
  2578 | D:3      | Noticed Terence
  2587 | D:3      | Killed Terence
  3574 | D:5      | Entered Level 5 of the Dungeon
  3590 | D:4      | Reached skill level 5 in Maces & Flails
  3644 | D:4      | Found a sand-covered staircase.
  3653 | Ossuary  | Entered an ossuary
  3660 | Ossuary  | Reached XP level 7. HP: 54/54 MP: 7/7
  3763 | Ossuary  | Reached *** piety under Trog
  3791 | Ossuary  | Reached skill level 6 in Maces & Flails
  3941 | D:4      | Reached XP level 8. HP: 61/61 MP: 8/8
  4126 | D:4      | Reached skill level 7 in Maces & Flails
  4204 | D:4      | Got the Catalogue of Intoxication
  4814 | D:5      | Reached **** piety under Trog
  4874 | D:5      | You fall into a shaft and drop 3 floors!
  4979 | D:8      | Identified the +1 leather armour of Adegeirche {rElec rF+
                  | rN+}
  4984 | D:7      | Found Henomiam's Assorted Antiques.
  5000 | D:6      | Reached skill level 5 in Fighting
  5042 | D:5      | Noticed Blork the orc
  5053 | D:5      | Killed Blork the orc
  5424 | D:5      | Reached XP level 9. HP: 68/68 MP: 9/9
  5494 | D:5      | Reached skill level 8 in Maces & Flails
  5754 | D:5      | Noticed Menkaure
  5756 | D:5      | Killed Menkaure
  5786 | D:5      | Noticed Edmund
  5791 | D:5      | Killed Edmund
  6297 | D:6      | Noticed a gargoyle
  6305 | D:6      | Killed a gargoyle
  6306 | D:6      | Reached skill level 9 in Maces & Flails
  6306 | D:6      | Reached skill level 5 in Throwing
  6372 | D:6      | Noticed a two-headed ogre
  6377 | D:6      | Reached XP level 10. HP: 76/76 MP: 10/10
  6421 | D:6      | Reached ***** piety under Trog
  6492 | D:6      | Found a staircase to the Ecumenical Temple.
  6623 | D:6      | Found Cogh's Book Emporium.
  6650 | D:6      | Killed a two-headed ogre
  6842 | D:6      | Reached skill level 10 in Maces & Flails
  6873 | D:6      | Received a gift from Trog
  6941 | D:6      | Reached skill level 5 in Dodging
  7137 | D:6      | Identified a scroll of acquirement
  7139 | D:6      | Acquired a manual of Maces & Flails
  7275 | D:7      | Noticed Harold
  7291 | D:7      | Killed Harold
  7292 | D:7      | Reached skill level 11 in Maces & Flails
  7292 | D:7      | Reached XP level 11. HP: 84/84 MP: 11/11
  7669 | D:7      | Found a transporter.
  7670 | D:7      | Noticed Smaepdii's ghost (novice DEIE)
  7686 | D:7      | Noticed a moth of wrath
  7702 | D:7      | Found a transporter.
  8068 | D:8      | Noticed a cyclops
  8081 | D:8      | Killed a cyclops
  8099 | D:8      | Noticed a deep elf pyromancer
  8105 | D:8      | Noticed a green ugly thing
  8158 | D:8      | Noticed a centaur warrior
  8180 | D:8      | Killed a centaur warrior
  8290 | D:8      | Reached skill level 12 in Maces & Flails
  8407 | D:8      | Killed a green ugly thing
  8418 | D:8      | Killed a deep elf pyromancer
  9438 | D:9      | Found a staircase to the Orcish Mines.
  9647 | D:9      | Noticed a cyclops
  9656 | D:9      | Killed a cyclops
 10256 | D:10     | Entered Level 10 of the Dungeon
 10304 | D:10     | Reached XP level 12. HP: 92/92 MP: 12/12
 10632 | D:10     | Noticed Fannar
 10633 | D:10     | Reached skill level 13 in Maces & Flails
 10644 | D:10     | Killed Fannar
 10750 | D:10     | Acquired 554 gold pieces
 10903 | D:10     | Got the Incunabulum of Toxic Ice
 10942 | D:10     | Noticed Snorg
 11010 | D:11     | Reached skill level 5 in Armour
 11061 | D:11     | You fall into a shaft and drop 2 floors!
 11077 | D:13     | Identified the +8 hunting sling of the Curious Allies
                  | {freeze, Contam +Blink rCorr Int-4}
 11172 | D:12     | Noticed a skeletal warrior
 11172 | D:12     | You fall into a shaft and drop 1 floor!
 11173 | D:13     | Noticed a skeletal warrior
 11173 | D:13     | Noticed a catoblepas
 11187 | D:13     | Killed a catoblepas
 11191 | D:13     | Killed a skeletal warrior
 11479 | D:12     | Reached skill level 10 in Throwing
 11540 | D:12     | Noticed a four-headed hydra
 11551 | D:12     | Killed a four-headed hydra
 11552 | D:12     | Reached skill level 14 in Maces & Flails
 11855 | D:12     | Noticed Erolcha
 11988 | D:11     | Received a gift from Trog
 12046 | D:11     | Reached XP level 13. HP: 101/101 MP: 13/13
 12112 | D:11     | Found a staircase to the Lair.
 12182 | D:11     | Noticed a seven-headed hydra
 12192 | D:11     | Killed a seven-headed hydra
 13095 | D:10     | Killed Snorg
 14016 | D:7      | Killed Smaepdii's ghost
 14029 | D:7      | Reached skill level 15 in Maces & Flails
 14063 | D:7      | Identified the +1 cloak "Pops" {rPois Will- Regen+}
 14211 | Orc:1    | Entered Level 1 of the Orcish Mines
 14329 | Orc:2    | Entered Level 2 of the Orcish Mines
 14368 | Orc:2    | Found Jirimiaj's Antique Armour Shop.
 14472 | Orc:2    | Identified the +10 lajatang "Sygux" {vorpal, rPois Will+
                  | Int-4} (Trog gifted it to you on level 2 of the Orcish
                  | Mines)
 14472 | Orc:2    | Received a gift from Trog
 14633 | Orc:2    | Reached skill level 10 in Fighting
 14806 | Orc:2    | Reached skill level 1 in Staves
 14839 | Orc:2    | Found a staircase to the Elven Halls.
 15286 | Orc:2    | Reached XP level 14. HP: 73/110 MP: 14/14
 15579 | Orc:2    | Received a gift from Trog
 15748 | Orc:2    | Found Fino's Book Emporium.
 15748 | Orc:2    | Found Pafir's Antique Weapon Boutique.
 15831 | Orc:2    | Reached skill level 5 in Staves
 16047 | Orc:2    | Found Bizigod's Armour Emporium.
 16047 | Orc:2    | Found Nurghoj's Assorted Antiques.
 16403 | Elf:1    | Entered Level 1 of the Elven Halls
 16499 | Elf:1    | Noticed a deep elf annihilator
 16533 | Elf:1    | Killed a deep elf annihilator
 17355 | D:12     | Killed Erolcha
 17395 | D:12     | Reached skill level 5 in Stealth
 17477 | D:12     | Noticed Urug
 17486 | D:12     | Killed Urug
 18183 | D:13     | Received a gift from Trog
 18212 | D:13     | Identified the ring "Irchionu" {Fly rN+}
 18261 | D:13     | Reached XP level 15. HP: 118/118 MP: 15/15
 18544 | D:13     | Noticed a sphinx
 18544 | D:13     | Paralysed by a sphinx for 3 turns
 18559 | D:13     | Killed a sphinx
 18586 | D:13     | Got Sif Muna's Catalogue of the Snowflakes and Toxins
 18592 | D:13     | Identified the +2 glaive "Atapp" {vorpal, Will+}
 18596 | D:13     | Identified the +11 halberd "Kexiepn" {vorpal, rCorr}
 19774 | Lair:1   | Entered Level 1 of the Lair of Beasts
 19859 | Lair:1   | Noticed Gastronok
 19875 | Lair:1   | Killed Gastronok
 20304 | Lair:1   | Identified the ring "Gyav" {rN++ Str+6 Dex+3}
 20332 | Lair:1   | Acquired the ring "Keonium" {rF+ rC+ Str+3}
 20665 | Lair:1   | You fall into a shaft and drop 1 floor!
 20759 | Lair:2   | Found a frozen archway.
 20779 | IceCv    | Entered an ice cave
 21210 | IceCv    | Received a gift from Trog
 21640 | IceCv    | Noticed a reaper
 21656 | IceCv    | Gained mutation: Your magical capacity is low. (-10% MP)
                  | [mutagenic glow]
 21660 | IceCv    | Killed a reaper
 24044 | Lair:3   | Found a staircase to the Swamp.
 24841 | Lair:3   | Reached XP level 16. HP: 107/127 MP: 14/14
 24990 | Lair:4   | Found a hole to the Spider Nest.
 25244 | Lair:4   | Received a gift from Trog
 25245 | Lair:4   | Found the +5 scythe "Finisher" {speed, eviscerate}
 25606 | Lair:4   | Reached skill level 16 in Maces & Flails
 26408 | Lair:5   | Found a transporter.
 26411 | Lair:5   | Noticed Luam's ghost (journeyman OpFi)
 26420 | Lair:5   | Found a transporter.
 26764 | Lair:5   | Gained mutation: You tend to lose your temper in combat.
                  | [mutagenic glow]
 26882 | Lair:5   | Gained mutation: You are occasionally teleported next to
                  | monsters. [mutagenic glow]
 27165 | Lair:5   | Reached skill level 1 in Slings
 27843 | Lair:6   | Entered Level 6 of the Lair of Beasts
 28365 | Lair:6   | Received a gift from Trog
 28374 | Lair:6   | Gained mutation: Armour fits poorly on your strangely
                  | shaped body. [mutagenic glow]
 28459 | Lair:6   | Gained mutation: Your body sometimes deteriorates upon
                  | taking damage. [mutagenic glow]
 28580 | Lair:6   | Gained mutation: Your magical capacity is very low. (-20%
                  | MP) [mutagenic glow]
 29387 | Lair:6   | Found a large runed translucent door.
 29387 | Lair:6   | Found a large runed translucent door.
 29540 | Lair:6   | Found a viscous altar of Jiyva.
 29540 | Lair:6   | Found a staircase to the Slime Pits.
 30805 | Elf:1    | Paralysed by an air elemental for 1 turns
 30807 | Elf:1    | Paralysed by an air elemental for 1 turns
 30822 | Elf:1    | Paralysed by an air elemental for 1 turns
 30825 | Elf:1    | Paralysed by an air elemental for 1 turns
 30832 | Elf:1    | Paralysed by an air elemental for 1 turns
 30838 | Elf:1    | Paralysed by an air elemental for 1 turns
 31493 | D:14     | Noticed Louise
 31507 | D:13     | Killed Louise
 31947 | D:14     | Noticed Frances
 31955 | D:14     | Killed Frances
 31956 | D:14     | Reached XP level 17. HP: 135/135 MP: 13/13
 32012 | D:14     | Noticed Nessos
 32034 | D:14     | Killed Nessos
 32282 | D:14     | Reached skill level 1 in Evocations
 32496 | D:14     | Identified the +7 morningstar of Distant Shores {flame, rN+
                  | Stlth+} (Trog gifted it to you on level 14 of the Dungeon)
 32496 | D:14     | Received a gift from Trog
 32629 | D:14     | Found a gate to the Vaults.
 32727 | D:14     | Reached skill level 15 in Throwing
 32946 | D:15     | Entered Level 15 of the Dungeon
 33145 | D:15     | Cast into level 2 of the Abyss (a wizard)
 33197 | Abyss:2  | Reached skill level 17 in Maces & Flails
 33324 | Abyss:2  | Identified the +8 chain mail "Qaiso" {rF++ rC+ Str-5 SInv}
 33368 | Abyss:2  | Noticed a bone dragon
 33373 | Abyss:2  | Killed a bone dragon
 33389 | Abyss:2  | Noticed a tentacled starspawn
 33398 | Abyss:2  | Killed a tentacled starspawn
 33556 | D:15     | Escaped the Abyss
 33620 | D:15     | Found a staircase to the Depths.
 33718 | D:15     | Noticed Josephine
 33719 | D:15     | Received a gift from Trog
 33722 | D:15     | Killed Josephine
 33723 | D:15     | Noticed Jorgrun
 33739 | D:15     | Killed Jorgrun
 34505 | D:15     | Found a shimmering blue altar of Sif Muna.
 34864 | Elf:1    | Reached XP level 18. HP: 143/143 MP: 14/14
 34915 | Elf:1    | Noticed Nikola
 35312 | Depths:1 | Entered Level 1 of the Depths
 35426 | D:15     | Slain by an ettin

Illustrated notes

Levels and vault maps discovered:
D:1:      nicolae_arrival_memento_mori, layout_loops_cross,
          ebering_ecumenical_altar_webs
D:2:      layout_loops_cross, basic_altar, uniq_robin
D:3:      layout_basic, kiku_gazebo_garden_becter, uniq_terence, uniq_purgy
D:4:      layout_basic, nicolae_ossuary_entry_ruins, grunt_ministairs_14,
          st_stairs_2, minmay_curled_crystal, nicolae_zen_rock_garden
D:5:      black_bear_nest_1, layout_basic, nicolae_sextant, uniq_edmund,
          uniq_blork_the_orc, uniq_menkaure
D:6:      minmay_opposing_rooms, layout_rooms, minmay_temple_entry_nine_rooms,
          serial_undead, serial_undead_c, serial_undead_d, serial_undead_b,
          serial_undead_b, serial_undead_a, serial_shops, shop,
          minmay_joined_circles
D:7:      layout_rooms, gammafunk_ghost_berserking_beasts, serial_shops,
          nicolae_stop_n_shop_2, uniq_harold
D:8:      minmay_cut_squares, layout_loops_ring, mrwooster_statue_mirror
D:9:      layout_long_grid, orc_0_dummy
D:10:     layout_basic, minmay_variable_closet, minmay_rotating_lava,
          uniq_snorg, uniq_fannar
D:11:     layout_basic, due_lair_maze_entry_diamond, st_stairs_12
D:12:     layout_basic, uniq_urug, uniq_erolcha
D:13:     minmay_the_grid_net [minmay_the_grid_tri_star,
          minmay_the_grid_spin_star, minmay_the_grid_zigzag_pyramid,
          minmay_the_grid_box_x, minmay_the_grid_tiny_cups,
          minmay_the_grid_prize_diamond_cup], layout_small_grid
D:14:     layout_rooms, grunt_vaults_entry_fortified, special_room
          [special_room_orc], uniq_frances, uniq_nessos, uniq_louise
D:15:     grunt_enter_depths_magical_seal, layout_gridville,
          serial_park_fountain, nicolae_sif_muna_little_library, uniq_josephine,
          uniq_jorgrun
Lair:1:   layout_cave_pods, infiniplex_staircase_pool, grunt_megastairs_3,
          uniq_gastronok
Lair:2:   layout_gridlike, portal_ice_cave_demonic_guard
Lair:3:   layout_roguey, swamp_mist_pool, lemuel_fruit_fields
Lair:4:   layout_cave_shapes, spider_nest_entry_web_field,
          eino_house_with_fridge
Lair:5:   layout_cave_pods, gammafunk_ghost_arena, minmay_lair_oklob_chamber,
          grunt_megastairs_2
Lair:6:   cheibrodos_lair_end_hotspot, layout_regular_city,
          dpeg_slime_entry_enclosed_altar, gammafunk_lair_bear_cave
Orc:1:    layout_diamond_mine, basic_altar
Orc:2:    st_orc_town, layout_diamond_mine, serial_shops, nicolae_shop_crystal,
          nicolae_orc_lost_temple
Elf:1:    layout_geoelf_grid, hangedman_elf_disciples, grunt_ministairs_15,
          nicolae_wwwww, uniq_asterion, uniq_nikola
Depths:1: layout_cave_pools, rand_demon_pan_entry_9, hell_entry, drop_trap,
          fedhas_altar_2

Skill      XL: |  1  2  3  4  5  6  7  8  9 10 11 12 13 14 15 16 17 |
---------------+----------------------------------------------------+-----
Maces & Flails | 4 5 6 7 9 11 12 14 15 16 17 | 17.8
Throwing       | 1 2 3 5 7 8 10 12 13 14 15 | 15.8
Stealth        | 1 2 3 4 5 6 |  6.3
Fighting       | 4 5 6 7 8 9 10 11 12 13 | 13.3
Dodging        | 3 4 5 6 7 8 9 |  9.9
Armour         | 3 4 5 6 7 |  7.4
Staves         | 3 9 |  9.5
Slings         | 3 |  3.2
Evocations     | 1 |  1.6

Action                   |  1- 3 |  4- 6 |  7- 9 | 10-12 | 13-15 | 16-18 || total
-------------------------+-------+-------+-------+-------+-------+-------++-------
Melee: Mace              |    36 |    98 |   240 |   287 |       |       ||   661
       Dire flail        |       |       |       |   138 |       |       ||   138
       Great mace        |       |       |       |     7 |   367 |   484 ||   858
       Lajatang          |       |       |       |       |   160 |       ||   160
 Fire: Hunting sling     |       |       |       |       |     6 |    44 ||    50
Throw: Stone             |    44 |    44 |    48 |   141 |    22 |       ||   299
       Boomerang         |       |       |    49 |    83 |   298 |   259 ||   689
       Dart              |       |       |       |     8 |   110 |   123 ||   241
       Javelin           |       |       |       |       |   104 |    59 ||   163
       Throwing net      |       |       |       |       |     8 |       ||     8
Invok: Berserk           |     4 |     7 |    15 |    28 |    49 |    48 ||   151
       Brothers in Arms  |       |       |       |     1 |     7 |     7 ||    15
Evoke: Condenser vane    |       |       |       |       |     1 |       ||     1
       Wand              |       |       |       |       |       |    22 ||    22
  Use: Scroll            |       |     2 |     5 |    12 |    20 |    10 ||    49
       Potion            |       |       |       |     2 |     9 |     7 ||    18
 Stab: Sleeping          |       |     1 |     3 |     4 |     4 |     6 ||    18
       Invisible         |       |       |       |       |     1 |     3 ||     4
Armor: Animal skin       |    12 |    15 |       |       |       |       ||    27
       Troll leather arm |       |    16 |    77 |   176 |   227 |    95 ||   591
Dodge: Dodged            |    21 |    49 |   129 |   227 |   397 |   347 ||  1170
